 Dungeon Crawl Stone Soup version 0.20.0-15-g7f486f2 (webtiles) character file.

35 Chiseanne the Ducker (level 3, -1/18 HPs)
             Began as a Spriggan Warper on June 25, 2017.
             Slain by a worm (12 damage)
             ... on level 2 of the Dungeon.
             The game lasted 00:02:13 (2203 turns).

Chiseanne the Ducker (Spriggan Warper)              Turns: 2203, Time: 00:02:14

Health: -1/18      AC:  3    Str:  7    XL:     3   Next: 17%
Magic:  8/8        EV: 20    Int: 15    God:
Gold:   61         SH:  0    Dex: 15    Spells: 7/7 levels left

rFire    . . .     SeeInvis +   a - +0 short sword
rCold    . . .     Gourm    .   (shield restricted)
rNeg     . . .     Faith    .   b - +1 robe
rPois    .         Spirit   .   (helmet restricted)
rElec    .         Reflect  .   (no cloak)
rCorr    .         Harm     .   (gloves unavailable)
MR       .....                  (boots unavailable)
Stlth    +++.......             (no amulet)
Regen    0.1/turn               i - ring of stealth
MPRegen  0.2/turn               h - ring of flight

@: very quick
A: unfitting armour, see invisible, herbivore 3, speed 3, slow metabolism 2
a: Evoke Flight


You were on level 2 of the Dungeon.
You were not hungry.

You visited 1 branch of the dungeon, and saw 2 of its levels.

You collected 61 gold pieces.

Inventory:

Hand Weapons
 a - a +0 short sword (weapon)
Missiles
 e - 5 tomahawks of dispersal (quivered)
 l - 97 stones
Armour
 b - a +1 robe (worn)
Jewellery
 h - a ring of flight (right hand)
 i - a ring of stealth (left hand)
Scrolls
 d - a scroll of blinking
 k - a scroll of remove curse
 o - a scroll of teleportation
Potions
 j - 2 potions of curing {unknown}
 m - a potion of berserk rage {unknown}
 n - 2 potions of brilliance {unknown}
Books
 c - a book of Spatial Translocations

   Spells                             Type                      Level
   a - Blink                          Translocation                2
   b - Shroud of Golubria             Charms/Translocation         2
   c - Lesser Beckoning               Translocation                3
   d - Gell's Gravitas                Translocation                3
   e - Teleport Other                 Translocation                3
   f - Passage of Golubria            Translocation                4
Comestibles
 f - 2 bread rations
 g - a royal jelly
 q - 2 fruits


   Skills:
 - Level 1.5 Fighting
 - Level 2.1 Short Blades
 - Level 1.0 Throwing
 * Level 4.8 Dodging
 * Level 3.0 Stealth
 - Level 2.6 Spellcasting
   Level 4.4 Translocations


You had 7 spell levels left.
You didn't know any spells.

Dungeon Overview and Level Annotations

Branches:
Dungeon (2/15)

Altars:


Innate Abilities, Weirdness & Mutations

You are very small and have problems with some larger weapons.
You are too small for most types of armour.
You have supernaturally acute eyesight. (SInv)
You are a herbivore.
You cover ground extremely quickly.
You need consume almost no food.


Message History

You barely miss the worm.
The worm is heavily wounded.
You hit the worm but do no damage.
The worm is heavily wounded.
The worm bites you!
You hit the worm but do no damage.
The worm is heavily wounded.
You hit the worm.
The worm is heavily wounded.
The worm misses you.
You barely miss the worm.
The worm is heavily wounded.
The worm closely misses you.
You hit the worm.
The worm is heavily wounded.
You hit the worm.
The worm is severely wounded.
The worm bites you!
Ouch! That really hurt!
You die...

#.#.###.#.## ##...## ######
#.#.# #.### ##.## ###..... #.#.#
#.# #.# #...###. #.#.###.# #.#
####.###... #.....[.# ##'##
#......#.## ###.##### ##...##
#.##...#... #.#### ##.....##
#.##...#.## ##.##.###
##.......###.##...#...
#.......###....@....##.#....###.
#†........+.)..w....+...........
#.......###......)..##.#....####
#.......# ##.......###.........#
#.......# ##.....## #####.#####
#.......# ##...## #.# #
#.......#######+## #.# #
####.#......# #.# ########.# #
#.#.####.# #.# #........# #


You could see a worm.

Vanquished Creatures
  A dart slug (D:2)
  A leopard gecko (D:1)
  2 giant cockroaches
  4 goblins (D:2)
  3 hobgoblins
  2 jackals (D:1)
  3 ball pythons
  9 bats
  8 rats
33 creatures vanquished.

Notes
Turn   | Place    | Note
-------+----------+-------------------------------------------
     0 | D:1      | Chiseanne the Spriggan Warper began the quest for the Orb.
     0 | D:1      | Reached XP level 1. HP: 10/10 MP: 5/5
   352 | D:1      | Reached skill level 1 in Stealth
   508 | D:1      | Reached XP level 2. HP: 14/14 MP: 6/6
  1961 | D:2      | Reached XP level 3. HP: 18/18 MP: 8/8
  2203 | D:2      | Slain by a worm

Skill      XL: |  1  2  3 |
---------------+----------+-----
Dodging        | 4 |  4.8
Stealth        | 1 2 3 |  3.0
Fighting       | |  1.5
Short Blades   | |  2.1
Throwing       | |  1.0
Spellcasting   | |  2.6
Translocations | |  4.4

Action                   || total
-------------------------++-------
Melee: Short sword       ||   116
  Use: Scroll            ||     5
 Stab: Sleeping          ||    13
Armor: Robe              ||    19
Dodge: Dodged            ||   125
